Map: Shrines of Lizul

Players

OpuS - Winner!

  • Race: Protoss Protoss
  • League: Platinum
  • Spawn Location: 12:00

Sketchaphone - Winner!

  • Race: Zerg Zerg
  • League: Platinum
  • Spawn Location: 3:00

Rainmaker

  • Race: Protoss Protoss
  • League: Gold
  • Spawn Location: 6:00

GranHermano

  • Race: Protoss Protoss
  • League: Diamond
  • Spawn Location: 9:00

VOD

Have the link to the VOD?

Description

Time

  • Played on: Feb. 20, 2019, 9:55 p.m.
  • Length: 7:26
Show
View Real Time Build Order
Export as new Build Order

OpuS Protoss - Winner!

Build Orders:  

Get SALT Encoding   

  12  0:01  Probe  
  13  0:13  Probe  
  14  0:23  Pylon  
  14  0:25  Probe  
  15  0:40  Probe  
  16  0:42  Gateway  
  16  0:48  Probe  
  16  0:54  Assimilator  
  16  0:56  Probe  
  17  0:58  Assimilator  
  18  1:12  Gateway  
  18  1:13  Probe  
  19  1:26  Pylon  
  19  1:31  Cybernetics Core  
  19  1:36  Probe  
  20  1:44  Probe  
  20  1:52  Probe  
  22  2:04  Probe  
  22  2:07  Pylon  
  23  2:10  Twilight Council  
  23  2:13  Stalker  
  23  2:15  Stalker  
  25  2:28  Probe  
  27  2:38  Robotics Facility  
  27  2:41  Probe  
  28  2:51  Charge  
  28  2:53  Probe  
  29  2:59  Pylon  
  29  3:12  Stalker  
  31  3:14  Stalker  
  33  3:26  Observer  
  34  3:52  Nexus  
  34  3:55  Pylon  
  34  4:05  Immortal  
  38  4:26  Pylon  
  38  4:35  Stalker x2  
  42  4:38  Pylon  
  42  4:49  Shield Battery  
  42  4:52  Shield Battery  
  29  5:20  Probe  
  2  6:53  Probe  
Show
View Real Time Build Order
Export as new Build Order

Sketchaphone Zerg - Winner!

Build Orders: Pool First 

Get SALT Encoding   

  12  0:01  Drone  
  13  0:13  Overlord  
  13  0:18  Drone  
  14  0:26  Extractor  
  14  0:27  Drone  
  15  0:40  Spawning Pool  
  14  0:43  Extractor  
  14  0:45  Drone  
  14  0:54  Drone x2  
  16  1:08  Drone  
  17  1:15  Drone  
  18  1:19  Drone  
  19  1:31  Drone  
  20  1:34  Queen  
  22  1:41  Overlord  
  22  2:00  Hatchery  
  21  2:01  Metabolic Boost  
  21  2:04  Drone  
  21  2:07  Drone  
  23  2:13  Drone  
  24  2:23  Drone  
  25  2:33  Evolution Chamber  
  25  2:34  Overlord  
  24  2:49  Zergling x2  
  24  2:50  Hatchery  
  24  2:51  Zergling x2  
  25  3:00  Overlord  
  25  3:03  Zergling x2  
  25  3:05  Zergling x2  
  27  3:10  Zerg Melee Weapons Level 1  
  27  3:19  Lair  
  27  3:29  Zergling x2  
  29  3:34  Zergling x4  
  29  3:35  Drone x2  
  32  3:48  Zergling x4  
  34  4:08  Zergling x10  
  39  4:15  Zergling x8  
  42  4:21  Zergling x4  
  42  4:23  Zergling x2  
  45  4:26  Zergling x2  
  45  4:30  Zergling x2  
  47  4:31  Evolution Chamber  
  47  4:35  Overlord  
  46  4:44  Zergling x8  
  50  4:56  Zergling x8  
  54  5:04  Zerg Ground Armor Level 1  
  51  5:18  Zergling x8  
  49  5:24  Zergling x10  
  53  5:30  Zergling x2  
  53  5:35  Roach Warren  
  53  5:40  Zergling x8  
  57  5:46  Zergling x2  
  60  5:50  Zergling x4  
  60  5:51  Zergling x2  
  60  5:57  Queen  
  61  5:58  Queen  
  61  6:00  Overlord x2  
  65  6:10  Spine Crawler  
  64  6:12  Spine Crawler x2, Drone x2  
  64  6:13  Spine Crawler, Drone  
  64  6:14  Spine Crawler  
  64  6:16  Spine Crawler  
  62  6:20  Zergling x4  
  63  6:31  Zergling x6  
Show
View Real Time Build Order
Export as new Build Order

Rainmaker Protoss 

Build Orders:  

Get SALT Encoding   

  12  0:01  Probe  
  13  0:16  Pylon  
  13  0:18  Probe  
  14  0:36  Gateway  
  14  0:41  Probe  
  14  0:42  Assimilator  
  15  0:53  Probe  
  16  1:05  Probe  
  17  1:19  Pylon  
  17  1:24  Cybernetics Core  
  17  1:30  Probe  
  18  1:39  Gateway  
  18  1:42  Probe  
  19  2:02  Twilight Council  
  19  2:05  Warp Gate  
  19  2:08  Charge  
  19  2:10  Zealot  
  21  2:26  Zealot  
  21  2:29  Gateway  
  23  2:37  Zealot  
  25  2:53  Zealot  
  27  3:04  Zealot  
  29  3:08  Pylon  
  29  3:16  Zealot  
  31  3:25  Pylon  
  31  3:26  Zealot  
  33  3:31  Zealot  
  33  3:32  Robotics Facility  
  35  3:56  Gateway  
  35  4:02  Zealot x2  
  39  4:12  Warp Prism  
  41  4:26  Zealot x2  
  43  5:22  Zealot x2  
  43  5:23  Zealot  
  46  5:44  Pylon  
  46  6:05  Pylon  
  32  6:31  Nexus  
  29  7:08  Nexus  
Show
View Real Time Build Order
Export as new Build Order

GranHermano Protoss 

Build Orders: Blink Stalkers 

Get SALT Encoding   

  12  0:01  Probe  
  13  0:17  Pylon  
  13  0:18  Probe  
  14  0:31  Probe  
  15  0:38  Gateway  
  15  0:44  Assimilator  
  15  0:47  Assimilator  
  15  0:52  Probe  
  16  1:04  Probe  
  17  1:14  Gateway, Probe  
  18  1:22  Probe  
  18  1:32  Probe  
  19  1:33  Cybernetics Core  
  20  1:41  Pylon  
  20  1:55  Probe  
  21  2:10  Warp Gate  
  21  2:14  Twilight Council  
  21  2:23  Blink, Stalker  
  21  2:24  Stalker  
  21  2:28  Probe  
  26  2:36  Robotics Facility  
  26  3:04  Stalker  
  28  3:11  Stalker  
  30  3:25  Gateway x2  
  30  3:28  Pylon  
  30  3:46  Warp Prism  
  32  3:59  Stalker  
  32  4:00  Stalker  
  36  4:21  Pylon  
  36  4:37  Stalker  
  38  4:43  Stalker x2  
  38  4:44  Pylon  
  40  5:17  Stalker  
  40  5:18  Stalker x3  
  48  5:40  Gateway x2  
  35  5:51  Stalker  
Tags
 
Add a new tag
Caveats
  • Supply blocks, unpowered buildings, or Contaminate may cause inaccurate times.
  • Supply counts are checked every 10 seconds.